 Seeded DCSS version 0.29-a0-834-g1e95ca9f62 (webtiles) character file.

Game seed: 20220712 (custom seed)

7 flotson the Sneak (level 1, 0/18 HPs)
             Began as a Demonspawn Delver on July 13, 2022.
             Slain by an orc
             ... wielding a +0 hand axe
              (3 damage)
             ... on level 4 of the Dungeon.
             The game lasted 00:00:39 (201 turns).

flotson the Sneak (Demonspawn Delver)                Turns: 201, Time: 00:00:40

Health: 0/18       AC:  3    Str: 12    XL:     1   Next: 91%
Magic:  1/1        EV: 11    Int: 11    God:
Gold:   31         SH:  0    Dex: 14    Spells: 0/0 levels left

rFire   . . .      SeeInvis .   a - +0 spear
rCold   . . .      Faith    .   (no shield)
rNeg    . . .      Spirit   .   b - +0 leather armour
rPois   .          Reflect  .   (no helmet)
rElec   .          Harm     .   (no cloak)
rCorr   .          Rampage  .   (no gloves)
Will    .....                   (no boots)
Stlth   +++.......              (no amulet)
HPRegen 0.06/turn               (no ring)
MPRegen 0.07/turn               (no ring)

@: no status effects
A: no striking features
a: no special abilities


You were on level 4 of the Dungeon.
You visited 1 branch of the dungeon, and saw 2 of its levels.

You collected 31 gold pieces.

Inventory:

Hand Weapons
 a - a +0 spear (weapon)
Armour
 b - a +0 leather armour (worn)
Wands
 g - a wand of digging (3)
Scrolls
 c - a scroll of fog
 d - a scroll of magic mapping
 e - a scroll of fear
 h - a scroll of identify {unknown}
Potions
 f - a potion of haste


   Skills:
 + Level 3.1 Fighting
 - Level 1.7 Polearms
 + Level 0.3 Armour
 + Level 1.9 Dodging
 + Level 4.6 Stealth
 + Level 0.4 Evocations


You couldn't memorise any spells.
You didn't know any spells.
Your spell library was empty.

Dungeon Overview and Level Annotations

Branches:
Dungeon (5/15)
 Temple: D:4-7

Altars:

Annotations:
D:5 Edmund


Message History

The orc is moderately wounded.
You hit the orc but do no damage.
The orc is moderately wounded.
The orc closely misses you.
You hit the orc but do no damage.
The orc is moderately wounded.
The orc hits you with a +0 short sword.
You are too injured to fight recklessly!
You are too injured to fight recklessly!
You are too injured to fight recklessly!
You are too injured to fight recklessly!
You are too injured to fight recklessly!
You are too injured to fight recklessly!
You are too injured to fight recklessly!
You hit the orc but do no damage.
The orc is moderately wounded.
The orc hits you with a +0 short sword.
* * * LOW HITPOINT WARNING * * *
You hit the orc.
The orc is severely wounded.
The orc hits you with a +0 short sword.
* * * LOW HITPOINT WARNING * * *
You barely miss the orc.
The orc is severely wounded.
The orc closely misses you.
You hit the orc.
You kill the orc!
You closely miss the orc. The orc hits you but does no damage.
You hit the orc but do no damage. The orc hits you with a +0 hand axe.
* * * LOW HITPOINT WARNING * * *
You closely miss the orc. The orc closely misses you.
You completely miss the orc. The orc hits you but does no damage.
You completely miss the orc. The orc hits you but does no damage.
You hit the orc.
The orc is lightly wounded.
The orc barely misses you.
You hit the orc.
The orc is severely wounded.
The orc hits you with a +0 hand axe.
You die...

#.# #.#
####.# ..##.#
#.##.# #.##.#
#.##.#
...#####.##.#
#...oo@....#
#######.####
...# #####


You could see 2 orcs.

Vanquished Creatures
  3 orcs (D:4)
  A quokka (D:4)
4 creatures vanquished.

Notes
Turn   | Place    | Note
-------+----------+-------------------------------------------
     0 | D:5      | flotson the Demonspawn Delver began the quest for the Orb.
     0 | D:5      | Reached XP level 1. HP: 18/18 MP: 1/1
    12 | D:5      | Noticed Edmund
   201 | D:4      | Slain by an orc

Illustrated notes

Levels and vault maps discovered:
D:4:      layout_loops_ring, minmay_checkerbox, uniq_eustachio
D:5:      layout_loops_ring, minmay_temple_entry_trees,
          nicolae_concentric_dashed_squares_mild, minivault_23, uniq_edmund

Action                   || total
-------------------------++-------
Melee: Spear             ||    33
 Stab: Sleeping          ||     1
Armor: Leather armour    ||     7
Dodge: Dodged            ||    12

Table legend: (Time is in decaauts)
 A = Elapsed time spent in this place.
 B = Non-inter-level travel time spent in this place.
 C = Inter-level travel time spent in this place.
 D = Time resting spent in this place.
 E = Time spent auto-exploring this place.
 F = Levels seen in this place.
 G = Mean time per level.
                   A        B        C        D        E       F      G
               +--------+--------+--------+--------+--------+-----+--------+
         Total |    201 |    201 |      0 |      0 |     99 |   2 |  100.5 |
       Dungeon |    201 |    201 |      0 |      0 |     99 |   2 |  100.5 |
               +--------+--------+--------+--------+--------+-----+--------+

Top non-repeatable levels by time:
     D:4: 117 daAuts
     D:5: 84 daAuts
